Map: Acolyte LE

Players

Winthrowe

  • Race: Terran Terran
  • League: Silver
  • Spawn Location: 7:00

Soko

  • Race: Terran Terran
  • Spawn Location: 1:00

Nikitta

  • Race: Zerg Zerg

Zeikoth

  • Race: Zerg Zerg
  • League: Platinum

VOD

Have the link to the VOD?

Description

Time

  • Played on: Sept. 3, 2017, 11:44 p.m.
  • Length: 5:05
Show
View Real Time Build Order
Export as new Build Order

Winthrowe Terran 

Build Orders:  

Get SALT Encoding   

  12  0:01  SCV  
  13  0:14  SCV  
  14  0:26  Supply Depot, SCV  
  15  0:42  Refinery  
  15  0:48  SCV, Barracks  
  16  1:00  SCV  
  17  1:12  SCV  
  18  1:22  Refinery  
  18  1:24  SCV  
  19  1:36  SCV  
  20  1:40  Engineering Bay  
  20  1:43  Marine  
  21  1:48  SCV  
  22  2:07  Engineering Bay  
  22  2:10  SCV  
  23  2:30  Supply Depot  
  23  2:49  Factory  
  23  2:51  Marine  
  23  2:52  SCV  
  25  3:00  Command Center  
  25  3:04  SCV  
  26  3:06  Terran Infantry Weapons Level 1, Terran Infantry Armor Level 1  
  26  3:21  Barracks Tech Lab  
  26  3:28  SCV  
  27  3:41  Factory Reactor  
  28  3:44  Starport  
  28  3:50  Orbital Command  
  27  3:59  Marine  
  27  4:17  Marine  
  27  4:34  Hellion x2  
  27  4:35  Marine  
  27  4:37  Starport Tech Lab  
Show
View Real Time Build Order
Export as new Build Order

Soko Terran 

Build Orders:  

Get SALT Encoding   

  12  0:01  Drone  
  13  0:09  Drone  
  14  0:18  Overlord  
  14  0:37  Drone x3  
  17  0:49  Drone  
  18  0:59  Drone  
  19  1:04  Hatchery  
  19  1:11  Drone  
  19  1:12  Extractor  
  18  1:20  Overlord  
  18  1:30  Drone  
  19  1:34  Spawning Pool  
  18  1:44  Drone  
  19  1:52  Drone  
  20  2:07  Drone  
  21  2:22  Overlord  
  21  2:25  Queen  
  21  2:26  Queen  
  25  2:36  Drone  
  26  2:37  Overlord  
  26  2:38  Drone x3  
  29  2:49  Drone x2  
  29  2:50  Metabolic Boost  
  31  3:00  Zergling x2  
  31  3:01  Zergling x2  
  33  3:09  Zergling x2  
  33  3:11  Zergling x2  
  35  3:20  Queen x2  
  39  3:28  Zergling x2  
  39  3:29  Baneling Nest, Zergling x4  
  39  3:34  Drone  
  42  3:35  Drone  
  43  3:41  Zergling x4  
  43  3:42  Zergling x2  
  43  3:44  Zergling x6  
  43  3:45  Overlord  
  49  3:54  Drone  
  51  3:55  Drone  
  51  4:05  Drone  
  51  4:06  Drone  
  54  4:17  Drone x4  
  54  4:23  Baneling x3  
  54  4:24  Baneling x3, Zergling x2  
  58  4:30  Hatchery  
  57  4:37  Drone x3  
  60  4:40  Extractor  
  60  4:43  Drone x3  
  58  4:56  Extractor  
  58  4:57  Extractor  
Show
View Real Time Build Order
Export as new Build Order

Nikitta Zerg 

Build Orders:  

Get SALT Encoding   

Show
View Real Time Build Order
Export as new Build Order

Zeikoth Zerg 

Build Orders:  

Get SALT Encoding   

Tags
 
Add a new tag
Caveats
  • Supply blocks, unpowered buildings, or Contaminate may cause inaccurate times.
  • Supply counts are checked every 10 seconds.